 Dungeon Crawl Stone Soup version 0.30.1-9-gdf580d7c3d (webtiles) character file.

Game seed: 10736045720128706569

2114 booth the Chopper (level 9, -7/68 HPs)
             Began as a Demonspawn Gladiator on Sept 30, 2023.
             Killed from afar by an electric eel (10 damage)
             ... with a bolt of electricity
             ... on level 6 of the Dungeon on Oct 2, 2023.
             The game lasted 00:35:17 (6914 turns).

booth the Chopper (Demonspawn Gladiator)            Turns: 6914, Time: 00:35:17

Health: -7/68      AC: 10    Str: 18    XL:     9   Next: 8%
Magic:  9/9        EV: 12    Int: 11    God:
Gold:   384        SH: 10    Dex: 18    Spells: 8/8 levels left

rFire   . . .        a - +0 war axe
rCold   + . .        s - +2 kite shield
rNeg    . . .        h - +1 ring mail
rPois   .            c - +1 helmet
rElec   .            e - +1 cloak
rCorr   .            (no gloves)
SInv    .            (no boots)
Will    .....        (no amulet)
Stlth   ++           (no ring)
HPRegen 0.31/turn    (no ring)
MPRegen 0.11/turn

%: no passive effects
@: unable to drink, very slow
A: thin skeletal structure 2, ignite blood 1, demonic magic 3, cold resistance
1, inability to drink after injury 1
a: no special abilities


You were on level 6 of the Dungeon.
You visited 1 branch of the dungeon, and saw 6 of its levels.

You collected 384 gold pieces.

Inventory:

Hand Weapons
 a - a +0 war axe (weapon)
 p - a +0 mace
Missiles
 d - 3 throwing nets (quivered)
 g - a curare-tipped dart
 k - a javelin
Armour
 b - a +0 leather armour
 c - a +1 helmet (worn)
 e - a +1 cloak (worn)
 h - a +1 ring mail (worn)
 l - a +0 chain mail
 s - a +2 kite shield (worn)
Jewellery
 n - a ring of wizardry
Wands
 o - a wand of iceblast (10)
 r - a wand of flame (30)
Scrolls
 m - a scroll of identify
Potions
 i - a potion of cancellation
 j - a potion of ambrosia


   Skills:
 + Level 5.6 Fighting
 * Level 7.5 Axes
 + Level 5.1 Throwing
 + Level 5.5 Dodging


You had 8 spell levels left.
You didn't know any spells.
Your spell library contained the following spells:

 Spells                   Type           Power      Damage    Failure   Level
 Blink                    Tloc           0%         N/A       96%         2
 Lesser Beckoning         Tloc           0%         N/A       96%         2
 Momentum Strike          Conj/Tloc      0%         3d8       96%         2


Dungeon Overview and Level Annotations

Branches:
Dungeon (6/15)
 Temple: D:4-7

Altars:
Nemelex Xobeh
Xom

Annotations:
D:6 3 runed translucent doors, laqueoix's ghost, novice MfGl; safid's ghost, novice MfIE


Innate Abilities, Weirdness & Mutations

You have a moderately thin skeletal structure. (Dex +4, Stealth++)
Your demonic aura sometimes causes spilled blood to erupt in flames.
Spells you cast and wands you use may paralyse nearby enemies.
Your flesh is cold resistant. (rC+)
You occasionally lose the ability to drink potions when taking damage.


Message History

Press: ? - help, Q - select action, (/) - cycle Shift-Dir - straight line, f/p - electric eel
Aim: an electric eel (water, very poisoned, 50% to hit)
You throw a poisoned dart.
The poisoned dart barely misses the electric eel.
The electric eel shoots out a bolt of lightning at you!
The bolt of electricity misses you.
You enter the shallow water.
Moving in this stuff is going to be slow.
You slash the electric eel!
The electric eel is severely wounded.
You kill the electric eel!
The electric eel shoots out a bolt of lightning at you!
The bolt of electricity hits you!
The electric eel shoots out a bolt of lightning at you!
The bolt of electricity hits you.
Your unstable footing causes you to fumble your attack.
The electric eel looks more healthy.
The electric eel shoots out a bolt of lightning at you!
The bolt of electricity hits you!
The electric eel shoots out a bolt of lightning at you!
The bolt of electricity hits you!
Your unstable footing causes you to fumble your attack.
Your unstable footing causes you to fumble your attack.
The electric eel shoots out a bolt of lightning at you!
The bolt of electricity hits you!
* * * LOW HITPOINT WARNING * * *
You miss the electric eel.
The electric eel is heavily wounded.
The electric eel shoots out a bolt of lightning at you!
The bolt of electricity hits you!
You feel threatened and lose the ability to drink potions!
* * * LOW HITPOINT WARNING * * *
Your unstable footing causes you to fumble your attack.
The electric eel shoots out a bolt of lightning at you!
The bolt of electricity hits you.
* * * LOW HITPOINT WARNING * * *
Your unstable footing causes you to fumble your attack.
The electric eel shoots out a bolt of lightning at you!
The bolt of electricity hits you!
You die...

≈≈≈≈≈≈≈ ≈≈≈≈≈≈~ ♣♣♣ . ~≈≈≈≈≈≈P
~~P#...# ~~≈≈≈≈≈≈ ~~.#...#
♣~~≈≈≈≈≈~ ~♣.....#
P~~~≈≈~~~♣~~......
#♣P~~~P~~~S~~~.....# #####
#~~~~~~~~~~@♣#....#####...##
##.♣♣~♣~P~♣~♣~.#..##........# ##
##...~~PP~P~~♣.....#..........
.###....♣♣P~~~~~............<....
#........♣~P~~~~....#............
##........~♣P~~....##..<.........
#.........♣~~....?###...........
#.................# #...........
#.................# #...........


You could see an electric eel.

Vanquished Creatures
  Menkaure (D:5)
  2 water moccasins
  2 orc warriors
  4 black bears
  An ogre (D:5)
  An ice beast (D:4)
  A centaur (D:6)
  2 phantoms
  A kobold brigand (D:6)
  2 scorpions
  A howler monkey (D:6)
  An electric eel (D:6)
  A hound (D:5)
  3 orc priests
  A jelly (D:6)
  Jessica (D:3)
  2 iguanas
  A sleepcap (D:5)
  3 orc wizards (D:5)
  Robin (D:2)
  7 gnolls
  7 adders
  2 dart slugs
  2 worms
  12 orcs
  9 bats
  4 endoplasms
  9 giant cockroaches
  15 goblins
  7 hobgoblins
  2 jackals (D:2)
  3 quokkas
  3 ball pythons
  A frilled lizard (D:1)
  13 kobolds
  8 rats
136 creatures vanquished.

Notes
Turn   | Place    | Note
-------+----------+-------------------------------------------
     0 | D:1      | booth the Demonspawn Gladiator began the quest for the Orb.
     0 | D:1      | Reached XP level 1. HP: 16/16 MP: 1/1
   269 | D:1      | Gained mutation: You have a somewhat thin skeletal
                  | structure. (Dex +2, Stealth+) [demonic ancestry]
   269 | D:1      | Reached XP level 2. HP: 22/22 MP: 2/2
   306 | D:1      | Reached skill level 3 in Axes
   699 | D:2      | Found a faded altar of an unknown god.
  1212 | D:2      | Gained mutation: Spells you cast may paralyse adjacent
                  | enemies. [demonic ancestry]
  1212 | D:2      | Reached XP level 3. HP: 28/28 MP: 3/3
  1257 | D:2      | Noticed Robin
  1295 | D:2      | Killed Robin
  2000 | D:3      | Reached XP level 4. HP: 31/34 MP: 4/4
  2421 | D:3      | Found a shimmering altar of Xom.
  2717 | D:3      | Noticed Jessica
  2725 | D:3      | Killed Jessica
  2726 | D:3      | Gained mutation: Spells you cast may paralyse nearby
                  | enemies. [demonic ancestry]
  2726 | D:3      | Reached XP level 5. HP: 33/40 MP: 5/5
  3079 | D:4      | Reached skill level 4 in Axes
  3130 | D:4      | Noticed an ice beast
  3156 | D:4      | HP: 2/41 [ice beast (14)]
  3157 | D:4      | Killed an ice beast
  3158 | D:4      | Gained mutation: Your demonic aura sometimes causes spilled
                  | blood to erupt in flames. [demonic ancestry]
  3158 | D:4      | Reached XP level 6. HP: 3/47 MP: 6/6
  3879 | D:4      | Found a sparkling altar of Nemelex Xobeh.
  4123 | D:5      | Entered Level 5 of the Dungeon
  4123 | D:5      | Noticed a water moccasin
  4128 | D:5      | Killed a water moccasin
  4235 | D:5      | Noticed an orc warrior
  4253 | D:5      | Reached skill level 5 in Axes
  4263 | D:5      | Killed an orc warrior
  4264 | D:5      | Reached XP level 7. HP: 25/53 MP: 7/7
  4382 | D:5      | Noticed Menkaure
  4390 | D:5      | Killed Menkaure
  5106 | D:5      | Reached skill level 6 in Axes
  5375 | D:5      | Gained mutation: Spells you cast and wands you use may
                  | paralyse nearby enemies. [demonic ancestry]
  5375 | D:5      | Reached XP level 8. HP: 61/61 MP: 8/8
  5643 | D:5      | Gained mutation: You occasionally lose the ability to drink
                  | potions when taking damage. [potion of mutation]
  5643 | D:5      | Gained mutation: Your flesh is cold resistant. (rC+)
                  | [potion of mutation]
  5831 | D:6      | Found a runed translucent gate.
  5831 | D:6      | Found a runed translucent gate.
  5831 | D:6      | Found a runed translucent gate.
  5835 | D:6      | Noticed laqueoix's ghost (novice MfGl)
  5835 | D:6      | Noticed safid's ghost (novice MfIE)
  5933 | D:6      | Reached skill level 5 in Fighting
  5933 | D:6      | Reached skill level 5 in Dodging
  6045 | D:6      | Reached skill level 7 in Axes
  6433 | D:6      | Reached skill level 5 in Throwing
  6440 | D:6      | Gained mutation: You have a moderately thin skeletal
                  | structure. (Dex +4, Stealth++) [demonic ancestry]
  6440 | D:6      | Reached XP level 9. HP: 25/68 MP: 9/9
  6913 | D:6      | HP: 3/68 [electric eel/bolt of electricity (5)]
  6914 | D:6      | Killed from afar by an electric eel

Illustrated notes

Levels and vault maps discovered:
D:1:      roderic_dead_forest, layout_loops_ring, minivault_11
D:2:      layout_basic, hellmonk_ecumenical_altar_zigzags, uniq_robin
D:3:      layout_basic, lemuel_doored_altar, dreamdust_wishing_well,
          minmay_between, uniq_jessica
D:4:      layout_loops_cross, nemelex_spade_bored_becter, feat_on_display
D:5:      layout_rooms, uniq_menkaure
D:6:      layout_cave_pods, gammafunk_ghost_cemetery, serial_bayou_lake_a

Skill      XL: |  1  2  3  4  5  6  7  8 |
---------------+-------------------------+-----
Axes           | 3 4 5 6 7 |  7.5
Throwing       | 2 3 4 5 |  5.1
Dodging        | 3 4 5 |  5.5
Fighting       | 3 4 5 |  5.6

Action                     |  1- 3 |  4- 6 |  7- 9 || total
---------------------------+-------+-------+-------++-------
  Melee: War axe           |   119 |   181 |   166 ||   466
         Punch             |     2 |       |       ||     2
  Throw: Javelin           |     1 |     3 |     4 ||     8
         Dart              |       |    17 |    37 ||    54
  Evoke: Wand              |       |       |     1 ||     1
    Use: Scroll            |     6 |       |     9 ||    15
         Potion            |       |     4 |     8 ||    12
   Stab: Sleeping          |     2 |     3 |       ||     5
 Armour: Ring mail         |    49 |    90 |    74 ||   213
         Leather armour    |     1 |       |       ||     1
  Dodge: Dodged            |   103 |   114 |   104 ||   321
  Block: Kite shield       |       |    26 |   111 ||   137
